 Dungeon Crawl Stone Soup version 0.31-a0-865-g3d5d91748a (webtiles) character file.

Game seed: 18208518718629180704

367 ytrimaz the Sneak (level 6, 0/38 HPs)
             Began as an Octopode Shapeshifter on Oct 10, 2023.
             Slain by a hobgoblin (4 damage)
             ... on level 4 of the Dungeon.
             The game lasted 00:03:34 (2853 turns).

ytrimaz the Sneak (Octopode Shapeshifter)           Turns: 2853, Time: 00:03:35

Health: 0/38       AC:  5    Str: 13    XL:     6   Next: 69%
Magic:  6/6        EV: 13    Int: 12    God:
Gold:   218        SH:  0    Dex: 14    Spells: 5/5 levels left

rFire   . .          .
                       - Unarmed
rCold   . . .        (no shield)
rNeg    . . .        (helmet currently unavailable)
rPois   .            (no amulet)
rElec   .            j - +4 ring of protection
rCorr   .            (no ring)
SInv    .            (no ring)
Will    .....        (no ring)
Stlth   ++++         (no ring)
HPRegen 0.26/turn    (no ring)
MPRegen 0.10/turn    (no ring)
                     (no ring)

%: no passive effects
@: beast-form
A: beast (slay +1), almost no armour, amphibious, 8 rings, camouflage 1,
gelatinous body 1, (nimble swimmer 1), tentacles
a: Begin Untransformation


You were on level 4 of the Dungeon.
You were a hulking beast.
You visited 1 branch of the dungeon, and saw 4 of its levels.

You collected 218 gold pieces.


Innate Abilities, Weirdness & Mutations

You are a hulking beast.
Your limbs bulge with bestial killing power. (Slay +1)
You cannot wear most types of armour.
You are amphibious.
You can wear up to eight rings at the same time.
Your skin changes colour to match your surroundings (Stealth+).
Your rubbery body absorbs attacks. (AC +1, EV +1)
((You are camouflaged when in or above water. (Stealth+)))
You have tentacles for arms and can constrict up to eight enemies at once.


   Skills:
 - Level 1.0 Fighting
 - Level 2.0 Dodging
 + Level 6.5 Stealth
 + Level 5.5 Unarmed Combat
 - Level 3.0 Shapeshifting


You had 5 spell levels left.
You didn't know any spells.
Your spell library contained the following spells:

 Spells                   Type           Power      Damage    Failure   Level
 Hailstorm                Conj/Ice       0%         3d3       69%         3
 Summon Ice Beast         Ice/Summ       0%         N/A       97%         4
 Simulacrum               Ice/Necr       0%         N/A       100%        6

Inventory:

Jewellery
 j - a +4 ring of protection (left tentacle)
   (You found it on level 3 of the Dungeon)
Talismans
 b - a beast talisman (active)
 c - a flux talisman
 q - a dragon-blood talisman
   (You found it on level 2 of the Dungeon)
Scrolls
 f - 2 scrolls of identify {unknown}
 i - a scroll of revelation
 k - a scroll of teleportation
 m - a scroll of acquirement
 n - 2 scrolls of enchant armour {unknown}
 s - a scroll of immolation {unknown}
 t - a scroll of fear
Potions
 d - 2 potions of heal wounds
 g - a potion of haste {unknown}
 h - 2 potions of brilliance {unknown}
 l - 2 potions of magic {unknown}
 o - a potion of mutation {unknown}
 p - a potion of curing {unknown}
 r - a potion of resistance {unknown}

Dungeon Overview and Level Annotations

Branches:
Dungeon (4/15) Zot: 21157
 Temple: D:4-7

Altars:

Shops:
D:3

: #.†.....# #.....).# #####+##
#.......#
#......########......(#########
#..............#+#####.........
#................# ##........
#...........###### ###......
#..........##...### ##.....
#######...##..h...# #.....
#.....##..BFg$.# #.....
###.##..#..$.....# ####.....
##...######.....$.# #..#.....
#..###....##..$...# #..'.....
#.###......##...### ####.....
#)##........#'### #......
###..'........#.# #.....)
.....'........#.# #......


You could see a bullfrog, a giant cockroach and a hobgoblin.


Message History

😎 HP[+7]
Your hp is fully restored (38).
A phantom is nearby!
A phantom is nearby!
A phantom is nearby!
A bullfrog, a giant cockroach and a hobgoblin come into view.
There is an open door here.
Unknown command.
There is an open door here.
There is an open door here.
The bullfrog croaks.
The phantom hits you.
The phantom blinks!
You blink. 😕 HP[-3]
You take 3 damage, and now have 35/38 hp.
Unknown command.
The hobgoblin shouts!
You tentacle-slap the phantom. The phantom closely misses you.
The giant cockroach barely misses you. The phantom hits you. 😕 HP[-2]
You take 2 damage, and now have 33/38 hp.
You barely miss the phantom.
Your tentacle-slap misses the phantom.
You squeeze the phantom. 😕 HP[+1]
The bullfrog attacks as it pursues you! The bullfrog barely misses you.
The phantom hits you.
The phantom blinks!
You blink.
You see here 12 gold pieces. 😕 HP[-2]
You take 2 damage, and now have 32/38 hp.
The hobgoblin closely misses you. The giant cockroach misses you.
You tentacle-slap the phantom. You squeeze the phantom! The bullfrog hits you.
The phantom closely misses you. The hobgoblin hits you.
The giant cockroach barely misses you. 😮 HP[-7]
You take 7 damage, and now have 25/38 hp.
The giant cockroach attacks as it pursues you!
The giant cockroach closely misses you.
The hobgoblin hits you but does no damage.
The giant cockroach barely misses you.
You see here 3 gold pieces. 😮 HP[+1]
You are too injured to fight recklessly!
You are too injured to fight recklessly!
Unknown command.
You are too injured to fight recklessly!
You closely miss the phantom. The bullfrog closely misses you.
The phantom hits you but does no damage.
The hobgoblin barely misses you.
The giant cockroach bites you but does no damage.
The bullfrog barely misses you.
You bludgeon the phantom! The hobgoblin misses you. The phantom hits you.
The bullfrog hits you but does no damage.
The giant cockroach completely misses you. 😮 HP[-3]
You take 3 damage, and now have 23/38 hp.
You are too injured to fight recklessly!
You closely miss the phantom. The bullfrog hits you.
* * * LOW HITPOINT WARNING * * *
The phantom hits you.
* * * LOW HITPOINT WARNING * * *
The phantom blinks!
You blink.
The hobgoblin barely misses you.
The giant cockroach closely misses you. 😨 HP[-6]
You take 6 damage, and now have 17/38 hp.
You are too injured to fight recklessly!
The bullfrog attacks as it pursues you! The bullfrog closely misses you.
The phantom hits you.
* * * LOW HITPOINT WARNING * * *
The hobgoblin misses you. The giant cockroach closely misses you.
The bullfrog barely misses you. 😨 HP[-2]
You take 2 damage, and now have 15/38 hp.
You are too injured to fight recklessly!
The giant cockroach bites you but does no damage.
You see here 12 gold pieces. 😨 HP[+1] Unknown command.
You tentacle-slap the phantom. The bullfrog hits you.
* * * LOW HITPOINT WARNING * * *
The giant cockroach bites you but does no damage.
The phantom hits you but does no damage.
The bullfrog hits you but does no damage. 😨 HP[-5]
You take 5 damage, and now have 11/38 hp.
Unknown command.
Unknown command.
Unknown command.
You miss the phantom. You squeeze the phantom.
You destroy the phantom!
The giant cockroach waves its antennae.
The giant cockroach barely misses you. The bullfrog misses you.
Unknown command.
You bludgeon the bullfrog! You grab the bullfrog. You constrict the bullfrog.
The giant cockroach bites you but does no damage.
The bullfrog hits you!
* * * LOW HITPOINT WARNING * * *
The hobgoblin hits you.
You die...

Skill      XL: |  1  2  3  4  5  6 |
---------------+-------------------+-----
Stealth        | 1 2 3 4 5 6 |  6.5
Unarmed Combat | 4 5 |  5.5
Fighting       | |  1.0
Dodging        | |  2.0
Shapeshifting  | |  3.0

Action                     |  1- 3 |  4- 6 || total
---------------------------+-------+-------++-------
  Melee: Unarmed           |    69 |    74 ||   143
         Constrict         |    16 |    13 ||    29
         Tentacles         |     6 |    13 ||    19
         Punch             |     3 |     3 ||     6
    Use: Scroll            |     5 |       ||     5
         Potion            |       |     3 ||     3
   Stab: Sleeping          |    12 |     4 ||    16
 Armour: Skin              |    39 |   105 ||   144
  Dodge: Dodged            |    43 |    60 ||   103

Levels and vault maps discovered:
D:1:      lemuel_arrival_muddy, layout_basic, bh_walls_and_bars
D:2:      layout_rooms, chequers_hall_statues_wall_a
D:3:      layout_basic, basic_ecumenical_altar, serial_shops, shop,
          serial_forest, infiniplex_forest_end_double,
          infiniplex_forest_straight_4, infiniplex_forest_clump_small,
          infiniplex_forest_corner_2, infiniplex_forest_clump_diagonal,
          infiniplex_forest_clump_small, infiniplex_forest_end_3
D:4:      minmay_polygon_palace, layout_gridville, ebering_ghost_sewer_d

Notes
Turn   | Place    | Note
-------+----------+-------------------------------------------
     0 | D:1      | ytrimaz the Octopode Shapeshifter began the quest for the
                  | Orb.
     0 | D:1      | Reached XP level 1. HP: 13/13 MP: 1/1
     0 | D:1      | magus.rc [v1.9.6]
    90 | D:1      | Reached skill level 1 in Stealth
   282 | D:1      | Reached XP level 2. HP: 18/18 MP: 2/2
   428 | D:1      | Reached skill level 2 in Stealth
   829 | D:2      | Reached XP level 3. HP: 17/23 MP: 3/3
  1131 | D:2      | Reached skill level 3 in Stealth
  1278 | D:2      | You pick up a book of the Tundra and begin reading...
  1278 | D:2      | You add the spells Hailstorm, Summon Ice Beast and
                  | Simulacrum to your library.
  1829 | D:3      | Reached skill level 4 in Unarmed Combat
  1829 | D:3      | Reached XP level 4. HP: 27/28 MP: 4/4
  1877 | D:3      | Found Wonloeh's Book Emporium.
  1887 | D:3      | Found a faded altar of an unknown god.
  2325 | D:3      | Identified a scroll of acquirement
  2526 | D:4      | Reached skill level 4 in Stealth
  2532 | D:4      | Reached XP level 5. HP: 27/33 MP: 5/5
  2685 | D:4      | Reached skill level 5 in Stealth
  2760 | D:4      | Reached skill level 5 in Unarmed Combat
  2760 | D:4      | Reached XP level 6. HP: 33/38 MP: 6/6
  2765 | D:4      | Reached skill level 6 in Stealth
  2853 | D:4      | HP: 4/38 [bullfrog (7)]
  2853 | D:4      | Slain by a hobgoblin

Vanquished Creatures
  A phantom (D:4)
  A scorpion (D:4)
  A jelly (D:4)
  A hound (D:4)
  3 iguanas (D:4)
  3 adders
  2 dart slugs
  4 orcs (D:4)
  5 endoplasms
  4 giant cockroaches
  7 goblins
  3 hobgoblins
  4 jackals (D:3)
  8 kobolds
  2 quokkas
  5 ball pythons
  5 bats
  A frilled lizard (D:3)
  3 rats
63 creatures vanquished.

Table legend:
 A = Non-vault XP
 B = Vault XP
 C = Vault XP percentage of total XP
 D = Non-vault monster count
 E = Vault monster count
 F = Vault count percentage of total count
                 A         B        C        D         E       F
            +---------+---------+-------+---------+---------+-------
      Total |     270 |     255 |  48.6 |      57 |       6 |   9.5
            +---------+---------+-------+---------+---------+-------
        D:1 |      25 |       0 |   0.0 |      16 |       0 |   0.0
        D:2 |      45 |       0 |   0.0 |      12 |       0 |   0.0
        D:3 |      22 |       0 |   0.0 |      11 |       0 |   0.0
        D:4 |     178 |     255 |  58.9 |      18 |       6 |  25.0
            +---------+---------+-------+---------+---------+-------

Skill      XL: |  1  2  3  4  5  6 |
---------------+-------------------+-----
Stealth        | 1 2 3 4 5 6 |  6.5
Unarmed Combat | 4 5 |  5.5
Fighting       | |  1.0
Dodging        | |  2.0
Shapeshifting  | |  3.0

Action                     |  1- 3 |  4- 6 || total
---------------------------+-------+-------++-------
  Melee: Unarmed           |    69 |    74 ||   143
         Constrict         |    16 |    13 ||    29
         Tentacles         |     6 |    13 ||    19
         Punch             |     3 |     3 ||     6
    Use: Scroll            |     5 |       ||     5
         Potion            |       |     3 ||     3
   Stab: Sleeping          |    12 |     4 ||    16
 Armour: Skin              |    39 |   105 ||   144
  Dodge: Dodged            |    43 |    60 ||   103

Illustrated notes

Table legend:
 A = Kills in this place as a percentage of kills in the entire game.
 B = Kills by you in this place as a percentage of kills by you in the entire game.
 C = Kills by friends in this place as a percentage of kills by friends in the entire game.
 D = Other kills in this place as a percentage of other kills in the entire game.
 E = Experience gained in this place as a percentage of experience gained in the entire game.
 F = Experience gained in this place divided by the number of levels of this place that you have seen.
                   A       B       C       D       E      F
               +-------+-------+-------+-------+-------+----------------------
         Total | 100.0 | 100.0 |   N/A |   N/A | 100.0 | 131.2
       Dungeon | 100.0 | 100.0 |   N/A |   N/A | 100.0 | 131.2
               +-------+-------+-------+-------+-------+----------------------

Table legend: (Time is in decaauts)
 A = Elapsed time spent in this place.
 B = Non-inter-level travel time spent in this place.
 C = Inter-level travel time spent in this place.
 D = Time resting spent in this place.
 E = Time spent auto-exploring this place.
 F = Levels seen in this place.
 G = Mean time per level.
                   A        B        C        D        E       F      G
               +--------+--------+--------+--------+--------+-----+--------+
         Total |   2841 |   2753 |     88 |      2 |   2271 |   4 |  710.2 |
       Dungeon |   2841 |   2753 |     88 |      2 |   2271 |   4 |  710.2 |
               +--------+--------+--------+--------+--------+-----+--------+

Top non-repeatable levels by time:
     D:3: 1075 daAuts
     D:1: 802 daAuts
     D:2: 490 daAuts
     D:4: 473 daAuts
